 Dungeon Crawl Stone Soup version 0.29.1-13-g9f3cf754e1 (webtiles) character file.

Game seed: 1707338933792162312

62 javelincjr the Digger (level 3, 0/26 HPs)
             Began as a Draconian Earth Elementalist on Jan 24, 2023.
             Slain by a gnoll
             ... wielding a +0 flail
              (10 damage)
             ... on level 2 of the Dungeon.
             The game lasted 00:04:24 (1320 turns).

javelincjr the Digger (DrEE)                        Turns: 1320, Time: 00:04:24

Health: 0/26       AC:  5    Str: 10    XL:     3   Next: 85%
Magic:  0/6        EV: 12    Int: 17    God:
Gold:   17         SH:  0    Dex: 11    Spells: 2/6 levels left

rFire   . . .      SeeInvis .   m - +0 spear
rCold   . . .      Faith    .   (no shield)
rNeg    . . .      Spirit   .   (body armour unavailable)
rPois   .          Reflect  .   (helmet restricted)
rElec   .          Harm     .   (no cloak)
rCorr   .          Rampage  .   (no gloves)
Will    .....                   (no boots)
Stlth   ++........              (no amulet)
HPRegen 0.08/turn               (no ring)
MPRegen 0.10/turn               (no ring)

@: very slightly contaminated
A: AC +5, unfitting armour, cold-blooded
a: no special abilities


You were on level 2 of the Dungeon.
You visited 1 branch of the dungeon, and saw 2 of its levels.

You collected 17 gold pieces.

Inventory:

Hand Weapons
 i - a +0 dagger
 m - a +0 spear (weapon)
Missiles
 g - 5 boomerangs
Scrolls
 b - a scroll of enchant weapon {unknown}
 f - a scroll of blinking {unknown}
 h - a scroll of enchant armour {unknown}
 k - a scroll of identify {unknown}
 l - a scroll of poison {unknown}
Potions
 a - a potion of magic
 c - a potion of degeneration {unknown}
 d - a potion of haste {unknown}
 e - a potion of mutation {unknown}
 j - a potion of heal wounds {unknown}


   Skills:
 + Level 1.0 Short Blades
 + Level 1.9 Dodging
 + Level 1.8 Stealth
 + Level 2.2 Spellcasting
 + Level 1.0 Transmutations
 + Level 4.3 Earth Magic


You had 2 spell levels left.
You knew the following spells:

 Your Spells              Type           Power      Damage    Failure   Level
a - Sandblast             Erth           32%        2d9       3%          1
b - Stone Arrow           Conj/Erth      18%        3d8       24%         3

Your spell library contained the following spells:

 Spells                   Type           Power      Damage    Failure   Level
 Passwall                 Tmut/Erth      9%         N/A       10%         2
 Petrify                  Tmut/Erth      11%        N/A       52%         4


Dungeon Overview and Level Annotations

Branches:
Dungeon (2/15)

Altars:


Innate Abilities, Weirdness & Mutations

Your plain brown scales are hard. (AC +5)
You cannot fit into any form of body armour.
You are cold-blooded and may be slowed by cold attacks.


Message History

The gnoll barely misses you. The gnoll hits you but does no damage.
Casting: Sandblast (safe; 3% risk of failure)
Confirm with . or Enter, or press ? or * to list all spells.
Aiming: Sandblast (safe; 3% risk of failure)
Press: ? - help, Shift-Dir - straight line, f - gnoll
Aim: a gnoll, wielding a +0 spear (severely wounded, 84% to hit)
The blast of sand hits the gnoll.
The gnoll is almost dead.
The gnoll barely misses you. The gnoll misses you.
You hit the gnoll but do no damage.
Your tail-slap misses the gnoll.
The gnoll is almost dead.
The gnoll closely misses you.
The gnoll hits you from afar with a +0 spear.
You hit the gnoll.
You kill the gnoll!
The gnoll closely misses you.
Your Short Blades skill increases to level 1!
You hit the gnoll.
The gnoll is moderately wounded.
The gnoll closely misses you. The gnoll completely misses you.
The gnoll hits you from afar with a +0 spear.
The gnoll misses you.
You are too injured to fight recklessly!
Casting: Sandblast (safe; 3% risk of failure)
Confirm with . or Enter, or press ? or * to list all spells.
Aiming: Sandblast (safe; 3% risk of failure)
Press: ? - help, Shift-Dir - straight line, f/p - gnoll
Aim: a gnoll, wielding a +0 spear (severely wounded, 84% to hit)
You miscast Sandblast.
You are very lightly contaminated with residual magic.
Nothing appears to happen.
The gnoll hits you from afar with a +0 spear.
The gnoll completely misses you.
You are too injured to fight recklessly!
You are too injured to fight recklessly!
You are too injured to fight recklessly!
You hit the gnoll.
Your tail-slap misses the gnoll.
The gnoll is severely wounded.
The gnoll hits you with a +0 flail!
You die...

########.#.# #.#
.........#.# #.#
########.#.# #.#
..........# #.#
########.#####.#
...............#
######..#######
#..............
#
#.#.@..########
....##+#g#####
#....)g....#
#...........#
#...........#
.............#
...#+#########
..


g You could see 2 gnolls.

Vanquished Creatures
  2 gnolls (D:2)
  An adder (D:2)
  A worm (D:2)
  A dart slug (D:1)
  3 endoplasms
  A giant cockroach (D:1)
  4 goblins
  4 hobgoblins
  A quokka (D:1)
  2 ball pythons
  3 frilled lizards (D:1)
  5 rats (D:1)
28 creatures vanquished.

Notes
Turn   | Place    | Note
-------+----------+-------------------------------------------
     0 | D:1      | javelincjr the Draconian Earth Elementalist began the quest
                  | for the Orb.
     0 | D:1      | Reached XP level 1. HP: 14/14 MP: 3/3
   229 | D:1      | Reached XP level 2. HP: 20/20 MP: 3/5
  1168 | D:2      | Reached skill level 4 in Earth Magic
  1168 | D:2      | Reached XP level 3. HP: 23/26 MP: 1/6
  1303 | D:2      | Learned a level 3 spell: Stone Arrow
  1318 | D:2      | Reached skill level 1 in Short Blades
  1320 | D:2      | Slain by a gnoll

Illustrated notes

Levels and vault maps discovered:
D:1:      erik_arrival_blinker_ship, layout_loops_ring
D:2:      layout_basic, shapermc_ecumenical_altar_venn,
          chequers_serial_rivers_large_a

Skill      XL: |  1  2  3 |
---------------+----------+-----
Earth Magic    | 4 |  4.3
Short Blades   | 1 |  1.0
Dodging        | |  1.9
Stealth        | |  1.8
Spellcasting   | |  2.2
Transmutations | |  1.0

Action                   || total
-------------------------++-------
Melee: Unarmed           ||     5
       Dagger            ||    24
       Spear             ||    21
       Tailslap          ||     6
 Cast: Sandblast         ||    35
 Stab: Sleeping          ||     2
Armor: Skin              ||    14
Dodge: Dodged            ||    40
